 Dungeon Crawl Stone Soup version 0.22-a0-396-g3f858e3 (webtiles) character file.

88 zero the Digger (level 4, -1/24 HPs)
             Began as a Gargoyle Earth Elementalist on May 3, 2018.
             Slain by Sigmund
             ... wielding a +2 scythe of flaming
              (13 damage)
             ... on level 2 of the Dungeon.
             The game lasted 00:03:28 (2860 turns).

zero the Digger (Gargoyle Earth Elementalist)       Turns: 2860, Time: 00:03:29

Health: -1/24      AC:  7    Str: 11    XL:     4   Next: 53%
Magic:  3/8        EV: 12    Int: 17    God:
Gold:   114        SH:  0    Dex: 10    Spells: 5/9 levels left

rFire    . . .     SeeInvis .   a - +0 whip
rCold    . . .     Gourm    .   (no shield)
rNeg     + . .     Faith    .   c - +0 robe
rPois    ∞         Spirit   .   g - +2 hat
rElec    +         Reflect  .   (no cloak)
rCorr    .         Harm     .   (no gloves)
MR       .....                  (no boots)
Stlth    ++........             (no amulet)
HPRegen  0.08/turn              (no ring)
MPRegen  0.11/turn              (no ring)

@: no status effects
A: negative energy resistance 1, electricity resistance, unbreathing,
petrification resistance, rot immunity, AC +3
a: no special abilities


You were on level 2 of the Dungeon.
You were not hungry.

You visited 1 branch of the dungeon, and saw 2 of its levels.

You collected 114 gold pieces.

Inventory:

Hand Weapons
 a - a +0 whip (weapon)
Missiles
 b - 36 stones (quivered)
Armour
 c - a +0 robe (worn)
 g - a +2 hat (worn)
Jewellery
 i - a cursed amulet of inaccuracy {unknown}
Scrolls
 e - 3 scrolls of remove curse {unknown}
 h - a scroll of immolation {unknown}
 l - a scroll of blinking {unknown}
 n - 3 scrolls of teleportation {unknown}
Potions
 f - 2 potions of flight {unknown}
 j - a potion of brilliance {unknown}
 m - a potion of mutation {unknown}
 o - a potion of cancellation {unknown}
Comestibles
 d - 4 rations
 k - a chunk of flesh


   Skills:
 - Level 1.5 Dodging
 - Level 2.1 Stealth
 + Level 3.3 Spellcasting
   Level 0.7 Transmutations
 + Level 5.1 Earth Magic


You had 5 spell levels left.
You knew the following spells:

 Your Spells              Type           Power        Failure   Level  Hunger
a - Sandblast             Erth           ###...       1%          1    None
b - Stone Arrow           Conj/Erth      ##....       19%         3    ###....


Dungeon Overview and Level Annotations

Branches:
Dungeon (2/15)

Altars:
Okawaru

Annotations:
D:2 Sigmund


Innate Abilities, Weirdness & Mutations

You are resistant to torment.
Your stone body is resilient. (AC +3)
You are immune to poison.
You resist negative energy. (rN+)
You are resistant to electric shocks. (rElec)
You can survive without breathing.
You are immune to petrification.
You are immune to rotting.


Message History

Unknown command.
Casting: Sandblast (safe; 1% risk of failure)
Confirm with . or Enter, or press ? or * to list all spells.
You don't know that spell.
Sorry, you're not good enough to have a special ability.
You hit something but do no damage. Something hits you but does no damage.
Casting: Sandblast (safe; 1% risk of failure)
Confirm with . or Enter, or press ? or * to list all spells.
Aiming: Sandblast (safe; 1% risk of failure)
Press: ? - help, Shift-Dir - straight line
b - 37 stones
Casting: Sandblast (safe; 1% risk of failure)
Confirm with . or Enter, or press ? or * to list all spells.
Aiming: Sandblast (safe; 1% risk of failure)
Press: ? - help, Shift-Dir - straight line The blast of sand hits something.
b - 36 stones Something hits you!
Ouch! That really hurt!
You die...

#.#
##.......##
##.#.# #.#
##.....##
###.# #.#
##...## ##.##
..# ##+##
#...# ###
#...# #...#
.########
##.##
......{.# #.#
.......@# #.#
..####..####.#
#.........#
#.#..######
...#..#
........#
#.......#
#########


There were no monsters in sight!

Vanquished Creatures
  Natasha (twice) (D:2)
  2 dart slugs (D:1)
  2 leopard geckos
  4 bats
  3 giant cockroaches
  5 hobgoblins
  2 jackals (D:1)
  3 kobolds
  A ball python (D:2)
  A frilled lizard (D:2)
  2 goblins
  6 rats
33 creatures vanquished.

Notes
Turn   | Place    | Note
-------+----------+-------------------------------------------
     0 | D:1      | zero the Gargoyle Earth Elementalist began the quest for the Orb.
     0 | D:1      | Reached XP level 1. HP: 10/10 MP: 3/3
   357 | D:1      | Reached skill level 4 in Earth Magic
   357 | D:1      | Reached XP level 2. HP: 13/15 MP: 5/5
  1407 | D:2      | Reached XP level 3. HP: 19/19 MP: 6/6
  1802 | D:2      | Found an iron altar of Okawaru.
  1977 | D:2      | Noticed Natasha
  1989 | D:2      | Killed Natasha
  2306 | D:2      | Reached XP level 4. HP: 21/24 MP: 8/8
  2359 | D:2      | Learned a level 3 spell: Stone Arrow
  2414 | D:2      | Noticed Natasha
  2426 | D:2      | Killed Natasha
  2426 | D:2      | Reached skill level 5 in Earth Magic
  2849 | D:2      | Noticed Sigmund
  2860 | D:2      | Slain by Sigmund

Vault maps used:
D:1:      onia_arrival_pyramid
D:2:      grunt_ministairs_8, okawaru_metal_pillars_3, uniq_natasha,
          uniq_crazy_yiuf_cottage, uniq_sigmund

Skill      XL: |  1  2  3  4 |
---------------+-------------+-----
Earth Magic    | 4 5 |  5.1
Spellcasting   | 3 |  3.3
Dodging        | |  1.5
Stealth        | |  2.1
Transmutations | |  0.7

Action                   |  1- 3 |  4- 6 || total
-------------------------+-------+-------++-------
Melee: Whip              |   148 |    46 ||   194
 Cast: Sandblast         |     3 |    13 ||    16
 Stab: Sleeping          |     1 |     1 ||     2
  Eat: Chunk             |     4 |     2 ||     6
Armor: Robe              |    69 |    23 ||    92
Dodge: Dodged            |   132 |    42 ||   174

Table legend:
 A = Spawn XP
 B = Non-spawn XP
 C = Spawn XP percentage of total XP
 D = Spawn monster count
 E = Non-spawn monster count
 F = Spawn count percentage of total count
 G = Total turns spent on level
                    A         B        C        D         E        F      G
               +---------+---------+-------+---------+---------+-------+---------
         Total |       0 |     126 |   0.0 |       0 |      33 |   0.0 |  2860
               +---------+---------+-------+---------+---------+-------+---------
           D:1 |       0 |      33 |   0.0 |       0 |      17 |   0.0 |  1383
           D:2 |       0 |      93 |   0.0 |       0 |      16 |   0.0 |  1477
               +---------+---------+-------+---------+---------+-------+---------
